 Dungeon Crawl Stone Soup version 0.27-a0-1191-g601b473118 (webtiles) character file.

Game seed: 10884546581012757575

1061 polve the Shield-Bearer (level 8, -6/39 HPs)
             Began as a Vine Stalker Fighter on May 23, 2021.
             Was a Follower of Uskayaw.
             Killed by divine providence
             ... invoked by an orc priest
              (10 damage)
             ... on level 5 of the Dungeon.
             The game lasted 00:04:16 (3891 turns).

polve the Shield-Bearer (Vine Stalker Fighter)      Turns: 3891, Time: 00:04:17

Health: -6/39      AC:  8    Str: 19 (20) XL:     8   Next: 27%
Magic:  0/9        EV:  5    Int:  8      God:    Uskayaw [*.....]
Gold:   219        SH: 10    Dex: 14 (15) Spells: 7/7 levels left

rFire    . . .     SeeInvis .   a - +0 rapier
rCold    . . .     Faith    .   c - +0 kite shield
rNeg     . . .     Spirit   +   d - +0 chain mail
rPois    .         Reflect  .   (no helmet)
rElec    .         Harm     .   i - scarf {shadows}
rCorr    .         Rampage  .   (no gloves)
Will     +....                  (no boots)
Stlth    ..........             (no amulet)
HPRegen  1.13/turn              (no ring)
MPRegen  0.11/turn              (no ring)

@: no status effects
A: fangs 3, regeneration 1, magic shield, antimagic bite, no potion heal 2
a: Renounce Religion, Stomp


You were on level 5 of the Dungeon.
You worshipped Uskayaw.
Uskayaw was noncommittal.
You visited 1 branch of the dungeon, and saw 5 of its levels.

You collected 219 gold pieces.

Inventory:

Hand Weapons
 a - a +0 rapier (weapon)
Missiles
 n - 8 atropa-tipped darts (quivered)
Armour
 c - a +0 kite shield (worn)
 d - a +0 chain mail (worn)
 i - a scarf of shadows (worn)
Jewellery
 e - an amulet of faith
Wands
 p - a wand of iceblast (10)
Scrolls
 f - 2 scrolls of noise {unknown}
 h - 4 scrolls of teleportation {unknown}
 k - 3 scrolls of magic mapping {unknown}
 m - 2 scrolls of identify {unknown}
 q - a scroll of acquirement {unknown}
 r - a scroll of fog {unknown}
 s - a scroll of amnesia {unknown}
 t - a scroll of vulnerability {unknown}
Potions
 b - 2 potions of resistance {unknown}
 g - 2 potions of curing
 j - 2 potions of haste
 l - 2 potions of lignification
 u - a potion of berserk rage {unknown}


   Skills:
 - Level 2.6 Fighting
 + Level 6.3 Short Blades
 - Level 2.4 Armour
 + Level 6.6 Shields


You had 7 spell levels left.
You didn't know any spells.
Your spell library contained the following spells:

 Spells                   Type           Power      Damage    Failure   Level
 Animate Skeleton         Necr           0%         N/A       100%        1
 Pain                     Necr           0%         1d4       100%        1
 Vampiric Draining        Necr           0%         2d6       100%        3
 Animate Dead             Necr           0%         N/A       100%        4
 Agony                    Necr           0%         N/A       100%        5


Dungeon Overview and Level Annotations

Branches:
Dungeon (5/15)
 Temple: D:4-7

Altars:
Dithmenos
Gozag
Hepliaklqana
Nemelex Xobeh
Trog
Uskayaw
Yredelemnul


Innate Abilities, Weirdness & Mutations

You have razor-sharp teeth.
Your natural rate of healing is unusually fast.
When hurt, damage is shared between your health and your magic reserves.
Your bite disrupts and absorbs the magic of your enemies.
Potions cannot restore your health.


Message History

The orc wizard gestures at itself while chanting.
The orc wizard flickers and vanishes!
Deactivating autopickup; reactivate with Ctrl-A.
You block the orc warrior's attack. The hound bites you but does no damage.
The orc priest mumbles some strange prayers to Beogh against you.
Beogh smites you! You block the hound's attack.
You hit the hound. Your bite misses the hound.
The hound is lightly wounded.
You block the hound's attack. The hound bites you.
You barely miss the hound. Your bite misses the hound.
The hound is lightly wounded.
You block the hound's attack. The hound bites you but does no damage.
You puncture the hound! Your bite misses the hound.
The hound is severely wounded.
The hound bites you but does no damage.
The orc priest calls down the wrath of Beogh upon you.
Beogh smites you!
You hit the hound but do no damage.
The hound is heavily wounded.
You block the hound's attack. The hound bites you.
The orc priest invokes the aid of Beogh against you.
Beogh smites you!
* * * LOW HITPOINT WARNING * * *
The hound bites you.
* * * LOW HITPOINT WARNING * * *
You block the hound's attack.
You closely miss the hound.
The hound is heavily wounded.
You block the hound's attack.
You hit the hound.
The hound is almost dead.
The hound bites you but does no damage. The hound barely misses you.
The orc priest mumbles some strange prayers to Beogh against you.
Beogh smites you!
* * * LOW HITPOINT WARNING * * *
The orc priest invokes the aid of Beogh against you.
Beogh smites you!
You die...

##...####....# ##...≈≈§§≈≈≈≈≈...
.....# #.## . .#.....≈≈≈≈≈.....
####.## #.#####.#...............
# #..###..##...................
####...###....###...............
............_...#...............
......###)...._.#.###ho#........
..>................##.######....
......##._..⌠.._@####.# .##
......##.........oh...# #
......###._......h..o##
###........._........#
....#####..........# #....
##.........# ##........#
##########


You could see an orc warrior, a black bear, a hound and an orc priest.

Vanquished Creatures
  Grinder (D:4)
  Duvessa (D:4)
  An ogre (D:5)
  2 phantoms
  Blork the orc (D:4)
  A water moccasin zombie (D:4)
  Dowan (D:4)
  A water moccasin skeleton (D:5)
  A hound (D:4)
  Crazy Yiuf (D:4)
  Terence (D:3)
  2 iguanas (D:5)
  Natasha (twice) (D:4)
  6 adders
  An adder skeleton (D:4)
  5 worms
  2 dart slugs
  An orc (D:4)
  6 bats
  5 endoplasms
  A giant cockroach (D:2)
  7 hobgoblins
  5 jackals
  2 quokkas
  7 ball pythons
  4 frilled lizards
  6 goblins
  6 kobolds
  A quokka skeleton (D:4)
  A rat (D:1)
82 creatures vanquished.

Vanquished Creatures (others)
  A wyvern skeleton (D:5)
1 creature vanquished.

Grand Total: 83 creatures vanquished

Notes
Turn   | Place    | Note
-------+----------+-------------------------------------------
     0 | D:1      | polve the Vine Stalker Fighter began the quest for the Orb.
     0 | D:1      | Reached XP level 1. HP: 11/11 MP: 2/2
   188 | D:1      | Reached XP level 2. HP: 15/16 MP: 3/3
   916 | D:1      | Reached XP level 3. HP: 13/19 MP: 4/4
  1044 | D:1      | Found a faded altar of an unknown god.
  1841 | D:2      | Found a basalt altar of Yredelemnul.
  1875 | D:2      | Gained mutation: Your natural rate of healing is unusually
                  | fast. [Vine Stalker growth]
  1875 | D:2      | Reached XP level 4. HP: 23/23 MP: 5/5
  2140 | D:3      | Noticed Terence
  2161 | D:3      | HP: 1/23 [Terence/+1 flail of holy wrath (2)]
  2163 | D:3      | Killed Terence
  2248 | D:3      | Reached XP level 5. HP: 19/27 MP: 4/6
  2437 | D:4      | Found a sparkling altar of Nemelex Xobeh.
  2465 | D:4      | Noticed Natasha
  2499 | D:4      | Killed Natasha
  2514 | D:4      | Noticed Grinder
  2516 | D:4      | Paralysed by Grinder for 5 turns
  2532 | D:4      | Killed Grinder
  2533 | D:4      | Reached skill level 5 in Shields
  2533 | D:4      | Reached XP level 6. HP: 15/32 MP: 2/7
  2537 | D:4      | Identified the +1 ring mail "Hucegysi" {Drain rF+ rCorr}
  2744 | D:4      | Reached XP level 7. HP: 35/35 MP: 6/8
  2912 | D:4      | Reached skill level 5 in Short Blades
  3059 | D:4      | Noticed Natasha
  3065 | D:4      | Killed Natasha
  3091 | D:4      | Noticed Blork the orc
  3103 | D:4      | Killed Blork the orc
  3155 | D:4      | Noticed Dowan
  3156 | D:4      | Noticed Duvessa
  3208 | D:4      | Killed Duvessa
  3226 | D:4      | Killed Dowan
  3490 | D:4      | Found a runed translucent door.
  3491 | D:4      | Noticed Crazy Yiuf
  3498 | D:4      | Killed Crazy Yiuf
  3523 | D:5      | Entered Level 5 of the Dungeon
  3593 | D:5      | Gained mutation: You have razor-sharp teeth. [Vine Stalker
                  | growth]
  3593 | D:5      | Reached XP level 8. HP: 16/39 MP: 4/9
  3829 | D:5      | Found a shadowy altar of Dithmenos.
  3830 | D:5      | Found a bloodstained altar of Trog.
  3832 | D:5      | Found an opulent altar of Gozag.
  3832 | D:5      | Found a hazy altar of Hepliaklqana.
  3834 | D:5      | Found a hide-covered altar of Uskayaw.
  3835 | D:5      | Found a basalt altar of Yredelemnul.
  3841 | D:5      | Became a worshipper of Uskayaw the Reveller
  3874 | D:5      | Reached * piety under Uskayaw
  3891 | D:5      | Killed from afar by an orc priest

Illustrated notes

Levels and vault maps discovered:
D:1:      minmay_arrival_pointy, layout_basic,
          hellmonk_ecumenical_altar_blasted, minmay_bisected
D:2:      layout_basic, basic_altar
D:3:      layout_basic, uniq_terence
D:4:      layout_basic, amcnicky_altar_gilded, uniq_crazy_yiuf_cottage,
          uniq_grinder, uniq_blork_the_orc, uniq_natasha, uniq_duvessa
D:5:      layout_rooms, grunt_temple_overflow_open, lemuel_old_faithful

Skill      XL: |  1  2  3  4  5  6  7 |
---------------+----------------------+-----
Short Blades   | 2 3 4 6 |  6.3
Shields        | 3 4 5 6 |  6.6
Fighting       | |  2.6
Armour         | |  2.4

Action                   |  1- 3 |  4- 6 |  7- 9 || total
-------------------------+-------+-------+-------++-------
Melee: Rapier            |    79 |    89 |   105 ||   273
       Bite              |    22 |    26 |    34 ||    82
       Unarmed           |       |       |    28 ||    28
  Use: Potion            |       |     1 |     5 ||     6
Armor: Scale mail        |    29 |    13 |       ||    42
       Chain mail        |       |    31 |    42 ||    73
       Skin              |       |       |    15 ||    15
Dodge: Dodged            |    26 |    20 |    24 ||    70
Block: Kite shield       |    43 |    45 |    59 ||   147

Table legend: (Time is in decaauts)
 A = Elapsed time spent in this place.
 B = Non-inter-level travel time spent in this place.
 C = Inter-level travel time spent in this place.
 D = Time resting spent in this place.
 E = Time spent auto-exploring this place.
 F = Levels seen in this place.
 G = Mean time per level.
                   A        B        C        D        E       F      G
               +--------+--------+--------+--------+--------+-----+--------+
         Total |   3936 |   3826 |    110 |      0 |   3125 |   5 |  787.2 |
       Dungeon |   3936 |   3826 |    110 |      0 |   3125 |   5 |  787.2 |
               +--------+--------+--------+--------+--------+-----+--------+

Top non-repeatable levels by time:
     D:1: 1295 daAuts
     D:4: 1085 daAuts
     D:2: 685 daAuts
     D:3: 497 daAuts
     D:5: 372 daAuts
